 Dungeon Crawl Stone Soup version 0.20.1-1-g8b1a95d (webtiles) character file.

266 equalderp2856 the Skirmisher (level 6, -2/48 HPs)
             Began as a Mummy Fighter on Oct 28, 2017.
             Slain by a worm (6 damage)
             ... on level 4 of the Dungeon.
             The game lasted 00:05:33 (2961 turns).

equalderp2856 the Skirmisher (Mummy Fighter)        Turns: 2961, Time: 00:05:33

Health: -2/48      AC:  6    Str: 19    XL:     6   Next: 0%
Magic:  9/9        EV:  7    Int: 10    God:
Gold:   172        SH:  9    Dex: 11    Spells: 9/9 levels left

rFire    x . .     SeeInvis .   a - +0 war axe
rCold    + . .     Gourm    .   c - +0 shield
rNeg     + + +     Faith    .   b - +0 scale mail
rPois    ∞         Spirit   .   (no helmet)
rElec    .         Reflect  .   (no cloak)
rCorr    .         Harm     .   (no gloves)
MR       .....                  (no boots)
Stlth    ..........             (no amulet)
Regen    0.2/turn               (no ring)
MPRegen  0.2/turn               (no ring)

@: no status effects
A: no food or potions, fire vulnerability, cold resistance 1, negative energy
resistance 3, torment resistance, unbreathing
a: no special abilities


You were on level 4 of the Dungeon.
You were not hungry.

You visited 1 branch of the dungeon, and saw 4 of its levels.

You collected 172 gold pieces.

Inventory:

Hand Weapons
 a - a +0 war axe (weapon)
Armour
 b - a +0 scale mail (worn)
 c - a +0 shield (worn)
Jewellery
 d - an uncursed ring of ice {unknown}
 k - a cursed amulet of inaccuracy {unknown}
Wands
 i - a wand of iceblast (3/15)
Scrolls
 e - a scroll of immolation {unknown}
 f - 5 scrolls of identify {unknown}
 g - a scroll of teleportation {unknown}
 h - a scroll of random uselessness {unknown}
 j - a scroll of magic mapping {unknown}


   Skills:
 + Level 3.7 Fighting
 * Level 3.7 Axes
 + Level 2.8 Armour
 + Level 0.7 Dodging
 + Level 2.9 Shields
 * Level 2.4 Spellcasting


You had 9 spell levels left.
You didn't know any spells.

Dungeon Overview and Level Annotations

Branches:
Dungeon (4/15)
 Temple: D:4-7

Altars:
Vehumet

Portals:
Sewer: D:4

Annotations:
D:4 Frank's ghost, novice OpFi; Ijyb


Innate Abilities, Weirdness & Mutations

You do not eat or drink.
Your flesh is vulnerable to fire.
You are immune to poison.
Your flesh is cold resistant. (rC+)
You are immune to negative energy. (rN+++)
You are immune to unholy pain and torment.
You can survive without breathing.


Message History

Unknown command.
You hear the brisk rusting of a drain.
You block the bat's attack. x2
Found 19 stones.
Unknown command.
You block the bat's attack. The bat hits you but does no damage. x2
Ijyb screams, "It's all mine!"
You block the worm's attack.
Found a dagger.
Unknown command.
You block the bat's attack. The bat hits you but does no damage.
Found 17 stones.
The bat hits you but does no damage. The bat barely misses you.
You block the worm's attack.
There is a glowing drain here.
Unknown command.
You block the bat's attack. The bat completely misses you.
You block the worker ant's attack. The bat hits you but does no damage.
The ogre closely misses you. The worm bites you.
You die...

#...(...### ..)....#. ..
. ....... ... ######
...##≈≈.≈≈# .... .....#
....##≈≈.≈≈##.... .....#
....≈≈.....≈≈..(# .....#
...≈≈.b.≈.≈≈...#
.....#+##+#.≈≈..@b.......
#+##.....!..≈≈.Owa.≈≈....
#.....$.≈≈≈....≈≈≈.%.#
#........##≈≈g≈≈##.###
#........##≈≈≈≈≈##.#
#..................#
#........#####+#####
#####...... +.......


You could see an ogre, Ijyb, a worm, a worker ant and 2 bats.

Vanquished Creatures
  A scorpion (D:4)
  The ghost of hilaritas the Skirmisher, a weakling CeFi (D:3)
  A howler monkey (D:4)
  A worker ant (D:3)
  3 adders
  A worm (D:2)
  3 dart slugs
  2 leopard geckos (D:3)
  An orc (D:3)
  A ball python (D:3)
  4 bats
  5 giant cockroaches (D:3)
  7 goblins
  12 hobgoblins
  6 jackals
  A quokka (D:3)
  6 frilled lizards
  6 kobolds
  6 rats
68 creatures vanquished.

Notes
Turn   | Place    | Note
-------+----------+-------------------------------------------
     0 | D:1      | equalderp2856 the Mummy Fighter began the quest for the Orb.
     0 | D:1      | Reached XP level 1. HP: 18/18 MP: 1/1
   134 | D:1      | Reached XP level 2. HP: 23/24 MP: 2/2
   449 | D:1      | Reached skill level 1 in Spellcasting
   741 | D:2      | Reached XP level 3. HP: 23/29 MP: 3/5
  1483 | D:2      | Reached XP level 4. HP: 35/35 MP: 6/6
  1837 | D:3      | Noticed hilaritas's ghost (weakling CeFi)
  1849 | D:3      | Killed hilaritas's ghost
  1849 | D:3      | Reached XP level 5. HP: 28/41 MP: 8/8
  1990 | D:3      | Found a radiant altar of Vehumet.
  2647 | D:4      | Noticed Frank's ghost (novice OpFi)
  2801 | D:4      | Noticed an ogre
  2882 | D:4      | Reached XP level 6. HP: 29/48 MP: 9/9
  2942 | D:4      | Noticed Ijyb
  2949 | D:4      | Found a glowing drain.
  2954 | D:4      | HP: 2/48 [bat (1)]
  2961 | D:4      | Slain by a worm

Skill      XL: |  1  2  3  4 |
---------------+-------------+-----
Spellcasting   | 1 2 |  2.4
Axes           | 2 3 |  3.7
Fighting       | |  3.7
Armour         | |  2.8
Dodging        | |  0.7
Shields        | |  2.9

Action                   |  1- 3 |  4- 6 || total
-------------------------+-------+-------++-------
Melee: War axe           |   106 |   132 ||   238
Armor: Scale mail        |    71 |    87 ||   158
Dodge: Dodged            |    45 |    50 ||    95
Block: Shield            |    53 |    78 ||   131
